 Dungeon Crawl Stone Soup version 0.25.1-1-g288607f (webtiles) character file.

Game seed: 14576473156708030589

15 auberdahn the Magician (level 2, 0/24 HPs)
             Began as a Naga Wizard on Sept 25, 2020.
             Slain by a goblin
             ... wielding a +0 dagger
              (5 damage)
             ... on level 1 of the Dungeon.
             The game lasted 00:00:52 (714 turns).

auberdahn the Magician (Naga Wizard)                 Turns: 714, Time: 00:00:52

Health: 0/24       AC:  1    Str:  9    XL:     2   Next: 50%
Magic:  6/6        EV: 10    Int: 18    God:
Gold:   28         SH:  0    Dex:  9    Spells: 6/7 levels left

rFire    . . .     SeeInvis +   i - +0 whip
rCold    . . .     Gourm    .   (no shield)
rNeg     . . .     Faith    .   a - +0 robe
rPois    +         Spirit   .   b - +0 hat
rElec    .         Reflect  .   (no cloak)
rCorr    .         Harm     .   (no gloves)
MR       .....                  (no barding)
Stlth    ++........             (no amulet)
HPRegen  0.08/turn              (no ring)
MPRegen  0.10/turn              (no ring)

@: very slow
A: large, see invisible, deformed body, poison resistance, slowness 2, slow
metabolism 1, spit poison 1, AC +0
a: Spit Poison


You were on level 1 of the Dungeon.
You were not hungry.

You visited 1 branch of the dungeon, and saw 1 of its levels.

You collected 28 gold pieces.

Inventory:

Hand Weapons
 i - a +0 whip (weapon)
Armour
 a - a +0 robe (worn)
 b - a +0 hat (worn)
Jewellery
 g - a cursed ring of teleportation {unknown}
Scrolls
 c - a scroll of fear {unknown}
 f - a scroll of fog {unknown}
 h - a scroll of remove curse {unknown}
Potions
 e - a potion of berserk rage {unknown}
 j - a potion of stabbing {unknown}
Comestibles
 d - a ration {!d}


   Skills:
 + Level 0.8 Fighting
 - Level 1.5 Dodging
 - Level 3.0 Stealth
 + Level 3.1 Spellcasting
 * Level 1.8 Conjurations
   Level 1.0 Summonings
   Level 1.0 Translocations


You had 6 spell levels left.
You knew the following spells:

 Your Spells              Type           Power        Failure   Level  Hunger
a - Magic Dart            Conj           #...         8%          1    None

Your spell library contained the following spells:

 Spells                   Type           Power        Failure   Level  Hunger
 Blink                    Tloc           N/A          16%         2    ##.....
 Call Imp                 Summ           #.......     16%         2    ##.....
 Slow                     Hex            #.......     24%         2    ##.....
 Conjure Flame            Conj/Fire      #.......     32%         3    ###....
 Mephitic Cloud           Conj/Pois/Air  #.......     36%         3    ###....


Dungeon Overview and Level Annotations

Branches:
Dungeon (1/15)

Altars:


Innate Abilities, Weirdness & Mutations

You cannot wear boots.
Your serpentine skin is tough. (AC +0)
You have supernaturally acute eyesight. (SInv)
Armour fits poorly on your strangely shaped body.
Your system is resistant to poisons. (rPois)
You cover ground very slowly.
You have a slow metabolism.
You can spit poison.


Message History

The splash of poison hits the giant cockroach.
The giant cockroach is poisoned.
The giant cockroach is severely wounded.
You feel slightly more hungry.
You kill the giant cockroach!
You hit the kobold.
The kobold is severely wounded.
The kobold hits you.
* * * LOW HITPOINT WARNING * * *
You hit the kobold but do no damage.
The kobold is severely wounded.
You have got your breath back.
You barely miss the goblin. The kobold hits you.
* * * LOW HITPOINT WARNING * * *
The goblin hits you with a +0 dagger.
* * * LOW HITPOINT WARNING * * *
You barely miss the goblin. The kobold hits you.
* * * LOW HITPOINT WARNING * * *
The goblin hits you with a +0 dagger.
You die...

.# #.# #.÷..# #.# ..# .#
#.###....#####.####..## .#
#........##...........# .#
#.###....##.#####.#...## .#
#........##..............
(###.##........#.#.#........
...(.##.................#.##
..#####.......##K#.#.#....#
♣.# #......rKg@..#.#.#..#
#.# #......)r#.#.###......
#+# #........###.###.#....
#...)...Kr....... ..
#............###
#.......$.#..###..
....................
...............#+####
..............)...#


You could see a goblin, 2 kobolds and 2 rats.

Vanquished Creatures
  2 giant cockroaches (D:1)
  A goblin (D:1)
  A hobgoblin (D:1)
  4 bats (D:1)
  5 kobolds (D:1)
  2 rats (D:1)
15 creatures vanquished.

Notes
Turn   | Place    | Note
-------+----------+-------------------------------------------
     0 | D:1      | auberdahn the Naga Wizard began the quest for the Orb.
     0 | D:1      | Reached XP level 1. HP: 15/15 MP: 4/4
   354 | D:1      | Reached XP level 2. HP: 24/24 MP: 3/6
   714 | D:1      | Slain by a goblin

Illustrated notes

Levels and vault maps discovered:
D:1:      wander_arrival_fairy_ring, layout_basic

Action                   || total
-------------------------++-------
Melee: Whip              ||     9
       Unarmed           ||     6
 Cast: Magic Dart        ||    19
 Abil: Spit Poison       ||     3
Armor: Robe              ||     3
Dodge: Dodged            ||    14
